Map: Fields of Death

Players

PracticeMan

  • Race: Terran Terran
  • Spawn Location: 12:00

awrman

  • Race: Terran Terran
  • Spawn Location: 12:00

VOD

Have the link to the VOD?

Description

Time

  • Played on: Sept. 25, 2023, 4:01 a.m.
  • Length: 16:28
Show
View Real Time Build Order
Export as new Build Order

PracticeMan Terran 

Build Orders:  

Get SALT Encoding   

  12  0:00  SCV  
  13  0:17  SCV  
  14  0:27  Supply Depot  
  14  0:35  SCV  
  15  0:57  SCV  
  16  1:00  Barracks  
  16  1:14  SCV  
  16  1:17  Refinery  
  17  1:31  SCV  
  18  1:48  SCV  
  19  2:05  SCV  
  20  2:14  Supply Depot  
  20  2:21  Barracks Reactor  
  20  2:27  SCV  
  21  2:34  Command Center  
  21  2:46  SCV  
  22  2:57  Barracks  
  22  3:13  Marine x2  
  22  3:17  Factory  
  25  3:24  Orbital Command  
  24  3:34  Refinery  
  24  3:52  Marine x2  
  26  4:01  SCV  
  26  4:08  Barracks Tech Lab  
  27  4:16  SCV  
  27  4:17  Marine  
  29  4:20  Factory Tech Lab  
  29  4:26  Starport  
  29  4:32  SCV  
  29  4:39  Marine  
  31  4:40  Marine  
  31  4:45  SCV  
  33  5:06  Marine x2  
  33  5:08  Marine  
  36  5:20  Siege Tank  
  36  5:23  Medivac  
  36  5:26  SCV  
  42  5:31  Marine  
  42  5:32  Supply Depot  
  43  5:40  SCV  
  43  5:43  SCV  
  43  5:48  Marine  
  42  5:57  Marine x2  
  42  6:04  SCV x2  
  44  6:11  Siege Tank  
  44  6:12  Marine  
  48  6:21  SCV x2  
  48  6:22  Marine x2  
  52  6:37  Marine  
  52  6:38  Supply Depot  
  53  6:47  Marine  
  54  7:08  Marine x2, Siege Tank, Medivac  
  61  7:10  Supply Depot  
  61  7:12  Marine  
  61  7:14  Orbital Command  
  62  7:29  Engineering Bay  
  62  7:40  Marine x3, SCV  
  66  7:53  Siege Tank  
  66  7:57  SCV  
  66  7:58  Supply Depot  
  70  8:06  Siege Tank  
  70  8:07  Siege Tank x2  
  70  8:18  Marine  
  70  8:21  Marine  
  70  8:22  Marine  
  70  8:23  Medivac  
  70  8:38  Siege Tank  
  70  8:43  Marine  
  70  8:45  Marine, Orbital Command  
  70  8:47  Marine  
  68  8:57  SCV  
  69  9:02  Command Center  
  69  9:08  Marine  
  70  9:10  Marine  
  70  9:12  Marine  
  70  9:14  SCV  
  73  9:22  Medivac  
  73  9:23  Siege Tank  
  73  9:28  SCV  
  78  9:31  SCV  
  78  9:34  Marine  
  78  9:35  Marine  
  77  9:44  Marine  
  77  9:48  SCV  
  71  9:54  SCV  
  71  9:58  Siege Tank x2  
  71  9:59  Marine  
  65  10:00  Marine  
  65  10:09  Marine  
  65  10:17  Siege Tank  
  63  10:21  SCV x2  
  63  10:24  Marine  
  63  10:25  Marine  
  66  10:37  Supply Depot  
  63  10:55  Marine  
  63  10:56  Marine  
  63  10:58  Medivac  
  67  11:01  SCV x2  
  67  11:02  Siege Tank  
  72  11:10  Refinery  
  72  11:12  Refinery  
  72  11:18  SCV  
  73  11:20  Marine x2  
  75  11:40  SCV x2  
  75  11:47  Siege Tank, SCV  
  81  11:50  Marine x2  
  81  11:57  SCV x2  
  85  12:04  SCV  
  85  12:07  Marine  
  87  12:14  SCV x2  
  87  12:15  Marine  
  90  12:23  Supply Depot  
  90  12:26  Orbital Command  
  90  12:27  Refinery  
  90  12:28  Refinery  
  90  12:31  SCV  
  90  12:33  SCV  
  90  12:36  Supply Depot  
  92  12:43  Supply Depot  
  92  12:46  Marine  
  92  12:49  Terran Infantry Weapons Level 1  
  93  12:53  Marine, Siege Tank, SCV  
  93  12:55  Supply Depot  
  93  12:58  SCV  
  99  13:05  Supply Depot  
  99  13:13  Marine x2  
  99  13:15  SCV  
  99  13:16  Medivac  
  104  13:24  Starport  
  104  13:38  Siege Tank  
  107  13:42  Factory, SCV x2  
  104  14:09  Marine x2  
  87  14:10  Marine  
  81  14:23  Siege Tank  
  84  14:34  Marine x2  
  84  14:35  Marine  
  72  14:57  Medivac x2  
  72  14:59  Marine x2  
  91  15:00  Marine  
  72  15:02  Factory Tech Lab  
  72  15:08  Siege Tank  
  67  15:22  Supply Depot x2  
  67  15:24  Marine x2  
  53  15:52  Command Center  
Show
View Real Time Build Order
Export as new Build Order

awrman Terran 

Build Orders:  

Get SALT Encoding   

  12  0:01  SCV  
  13  0:27  Supply Depot  
  13  0:29  SCV  
  14  0:46  SCV  
  15  1:03  SCV  
  16  1:17  Barracks  
  16  1:22  SCV  
  17  1:38  Refinery  
  17  1:39  SCV  
  18  2:00  SCV  
  19  2:25  Supply Depot  
  19  2:28  Barracks Tech Lab  
  19  2:43  SCV  
  19  2:48  Stimpack  
  20  2:56  Refinery  
  20  3:00  SCV  
  20  3:05  Marine  
  22  3:17  SCV  
  23  3:30  Marine  
  24  3:57  Command Center  
  24  3:59  Orbital Command  
  24  4:11  Engineering Bay  
  24  4:14  Marine  
  25  4:26  Factory  
  25  4:50  SCV  
  25  4:54  Refinery  
  26  5:01  Refinery  
  26  5:07  SCV  
  27  5:19  Marine  
  28  5:24  SCV  
  29  5:36  Terran Infantry Armor Level 1  
  29  5:38  Unknown  
  29  5:44  Marine  
  29  5:47  Engineering Bay  
  30  6:31  Marine  
  31  6:56  Marine  
  30  7:11  SCV  
  31  7:21  Marine  
  31  7:28  SCV  
  31  7:45  SCV  
  31  7:46  Marine  
  33  7:52  Terran Infantry Weapons Level 1  
  33  8:01  Armory  
  33  8:04  Starport  
  33  8:12  SCV  
  34  8:29  SCV  
  35  8:30  Supply Depot  
  35  8:33  Supply Depot  
  35  8:43  Marine  
  35  8:46  SCV  
  35  8:47  Factory Tech Lab  
  37  9:03  SCV  
  37  9:05  Supply Depot  
  37  9:08  Supply Depot  
  38  9:26  Barracks Reactor  
  38  9:32  Siege Tank  
  41  9:42  Barracks  
  41  9:52  Terran Vehicle And Ship Armor Level 1  
  35  10:17  Siege Tank  
  35  10:18  Marine  
  35  10:19  Marine  
  40  10:35  Starport Reactor  
  40  10:38  SCV  
  41  10:43  Marine  
  41  10:49  SCV  
  43  10:55  SCV  
  44  11:06  SCV  
  45  11:12  SCV  
  46  11:21  Barracks Reactor  
  46  11:23  Marine x2  
  46  11:29  SCV  
  49  11:34  Supply Depot  
  49  11:46  SCV  
  49  11:48  Marine x2  
  52  11:50  Medivac  
  52  11:54  Medivac  
  56  12:02  Siege Tank  
  56  12:07  Supply Depot  
  59  12:11  Marine  
  59  12:12  Marine  
  59  12:13  Marine x2  
  59  12:16  Terran Infantry Weapons Level 2  
  63  12:28  Terran Infantry Armor Level 2  
  63  12:32  Medivac  
  63  12:36  Marine x2, Medivac  
  63  12:38  Marine  
  63  12:39  Supply Depot  
  70  12:47  Siege Tank  
  73  13:01  Marine x2  
  73  13:03  Orbital Command  
  73  13:07  Command Center  
  73  13:09  Refinery  
  75  13:10  Refinery  
  75  13:21  Marine x2  
  75  13:26  Marine x2  
  79  13:32  Medivac  
  79  13:33  Medivac  
  83  13:46  Marine x2  
  85  13:51  Marine x2  
  85  13:56  Barracks  
  87  14:01  Supply Depot  
  71  14:33  Supply Depot  
  71  14:39  Marine x2  
  67  14:40  Marine x2  
  50  15:04  Marine x2, Supply Depot  
  50  15:05  Marine x2  
  50  15:06  Viking  
  50  15:07  Viking  
  50  15:08  Supply Depot  
  56  15:16  Siege Tank  
  48  15:29  Marine x2, Barracks Reactor  
  50  15:36  Supply Depot  
  50  15:39  Marine x2  
  47  15:54  Marine x2  
Tags
 
Add a new tag
Caveats
  • Supply blocks, unpowered buildings, or Contaminate may cause inaccurate times.
  • Supply counts are checked every 10 seconds.